 Dungeon Crawl Stone Soup version 0.17-a0-1056-g838d5c0 (webtiles) character file.

101 Lugonue the Magician (level 4, 0/31 HPs)
             Began as a Mummy Wizard on May 16, 2015.
             Shot with an arrow by a centaur (15 damage)
             ... on level 3 of the Dungeon.
             The game lasted 00:11:12 (3029 turns).

Lugonue the Magician (Mummy Wizard)                 Turns: 3029, Time: 00:11:12

Health: 0/31       AC:  6    Str: 10    XL:     4   Next: 48%
Magic:  1/10       EV: 12    Int: 18    God:
Gold:   86         SH:  0    Dex: 10    Spells: 4 memorised, 3 levels left

rFire  x . .     SeeInvis .     f - +0 dagger
rCold  + + .     Clarity  .     a - +0 robe
rNeg   + + +     SustAb   .     (no shield)
rPois  ∞         Gourm    .     b - +1 hat
rElec  .         Spirit   .     j - +2 cloak
rCorr  .         Warding  .     (no gloves)
rMut   .         Stasis   .     (no boots)
MR     .....                    (no amulet)
Stlth  ++........               (no ring)
                                l - ring of protection from cold

@: very slightly contaminated, not resistant to hostile enchantments, unstealthy
A: no food or potions, fire vulnerability, cold resistance 1, negative energy
resistance 3, torment resistance, unbreathing
a: no special abilities


You were on level 3 of the Dungeon.
You were not hungry.

You visited 1 branch of the dungeon, and saw 3 of its levels.

You collected 86 gold pieces.

Inventory:

Hand weapons
 f - a +0 dagger (weapon)
Missiles
 d - 6 javelins of penetration (quivered)
Armour
 a - a +0 robe (worn)
 b - a +1 hat (worn)
 j - a +2 cloak (worn)
 p - a +2 shield of cold resistance
Jewellery
 g - an uncursed amulet of guardian spirit
 l - a ring of protection from cold (left hand)
Scrolls
 e - a scroll of identify
 h - a scroll of fog
 i - 2 scrolls of teleportation
 k - a scroll of remove curse
Books
 c - a book of Minor Magic

   Spells                             Type                      Level
   a - Magic Dart                     Conjuration                  1
   b - Blink                          Translocation                2
   c - Call Imp                       Summoning                    2
   d - Repel Missiles                 Charms/Air                   2
   e - Slow                           Hexes                        2
   f - Conjure Flame                  Conjuration/Fire             3
   g - Mephitic Cloud                 Conjuration/Poison/Air       3


   Skills:
 + Level 0.8 Fighting
 - Level 1.6 Dodging
 - Level 1.5 Stealth
 * Level 4.4 Spellcasting
 + Level 1.7 Conjurations
 - Level 0.7 Summonings
 - Level 0.7 Translocations


You had 3 spell levels left.
You knew the following spells:

 Your Spells              Type           Power        Failure   Level  Hunger
a - Magic Dart            Conj           ##..         10%         1    N/A
b - Blink                 Tloc           N/A          17%         2    N/A
c - Call Imp              Summ           #.......     17%         2    N/A
d - Mephitic Cloud        Conj/Pois/Air  #.......     34%         3    N/A

Dungeon Overview and Level Annotations

Branches:
Dungeon (3/15)

Altars:


Innate Abilities, Weirdness & Mutations

You do not eat or drink.
Your flesh is vulnerable to fire.
You are immune to poison.
Your flesh is cold resistant.
You are immune to negative energy.
You are immune to unholy pain and torment.
You can survive without breathing.


Message History

What do you say? t - Shout!
Orders for allies: a - Attack new target. r - Retreat! s - Stop attacking. w - Wait here. f - Follow me.
Anything else - Stay silent.
Gang up on whom?
Press: ? - help, Dir - move target cursor, f - centaur
Aim: a centaur Attack!
The centaur wields an uncursed shortbow.
The centaur shoots an arrow.
The arrow misses your crimson imp. The arrow hits you.
Your crimson imp blinks!
The centaur shoots an arrow.
The arrow barely misses you.
The centaur shoots an arrow.
The arrow hits your crimson imp!
Your crimson imp dies!
Your crimson imp hits the centaur.
The centaur shoots an arrow.
The arrow hits you!
You die...

....>'...............#...........
#....##########.##......c.###....
###### #.##.#.............
########.##.#......##.....
#....)##....#......###....
#######.....#######......# #....
#..............5c((.<###.# #....
#.#####.......5§###.## #[# #....
#..........#...@# #..# #.# #....
##.####.###.#....# ##.# #.# #####
......#...#.#...%# #.###.#
##..###.#####....# #..##.#
#..#.#.#[.....### ##.##.##
#..#.##'##.#(.# #.#...#
##)...[#.#.#..# #.....#
#.#####.###..# ###....#
#.#.#...#...## #......#


You could see a centaur and 2 friendly crimson imps.

Vanquished Creatures
  An adder (D:2)
  An ooze (D:1)
  A worm (D:2)
  2 giant geckos (D:3)
  A ball python (D:1)
  4 bats
  A giant cockroach (D:1)
  6 goblins
  6 hobgoblins
  6 jackals
  2 quokkas (D:3)
  2 giant newts
  3 kobolds
  7 rats
43 creatures vanquished.

Vanquished Creatures (collateral kills)
  4 adders
  2 worms
  4 orcs (D:3)
  A giant cockroach (D:1)
  2 goblins
  A hobgoblin (D:3)
  A giant newt (D:2)
  A rat (D:3)
16 creatures vanquished.

Vanquished Creatures (others)
  A crimson imp (D:3)
  A shadow imp (D:3)
2 creatures vanquished.

Grand Total: 61 creatures vanquished

Notes
Turn   | Place    | Note
--------------------------------------------------------------
     0 | D:1      | Lugonue the Mummy Wizard began the quest for the Orb.
     0 | D:1      | Reached XP level 1. HP: 13/13 MP: 4/4
   466 | D:1      | Reached XP level 2. HP: 7/19 MP: 4/6
   948 | D:1      | Reached skill level 1 in Conjurations
  1080 | D:1      | Learned a level 2 spell: Blink
  1083 | D:1      | Learned a level 2 spell: Call Imp
  1551 | D:2      | Reached XP level 3. HP: 24/24 MP: 1/8
  1679 | D:2      | Reached skill level 4 in Spellcasting
  2349 | D:3      | Reached XP level 4. HP: 29/31 MP: 2/10
  2547 | D:3      | Noticed a centaur
  2673 | D:3      | Learned a level 3 spell: Mephitic Cloud
  3029 | D:3      | Shot with an arrow by a centaur

Vault maps used:
D:1:      minmay_arrival_radiant_lines
D:3:      roderic_digamma_sauvastika

Action                   |  1- 3 |  4- 6 || total
-------------------------+-------+-------++-------
Melee: Unarmed           |    14 |       ||    14
       Dagger            |    47 |    51 ||    98
Throw: Javelin           |     4 |       ||     4
 Cast: Magic Dart        |    63 |    30 ||    93
       Call Imp          |    11 |    11 ||    22
  Use: Scroll            |     2 |     6 ||     8
 Stab: Distracted        |     2 |       ||     2
